 Dungeon Crawl Stone Soup version 0.31.0-9-g3a7656b989 (webtiles) character file.

Game seed: 8813081432473425802

437 SnakkuSnakku7 the Shooter (level 7, -10/49 HPs)
             Began as a Djinni Hunter on Jan 25, 2024.
             Killed by divine providence
             ... invoked by an orc priest
              (15 damage)
             ... on level 3 of the Dungeon.
             The game lasted 00:04:23 (3193 turns).

SnakkuSnakku7 the Shooter (Djinni Hunter)           Turns: 3193, Time: 00:04:24

Health: -10/49     AC:  4    Str: 10    XL:     7   Next: 21%
Gold:   167        EV: 12    Int: 11    God:
                   SH:  0    Dex: 18

rFire   + + .        a - +0 shortbow
rCold   x . .        (shield currently unavailable)
rNeg    . . .        c - +0 leather armour
rPois   ∞            (no helmet)
rElec   .            f - +0 cloak
rCorr   .            (no gloves)
SInv    .            (boots unavailable)
Will    .....        (no amulet)
Stlth   ++           (no ring)
HPRegen 0.28/turn    (no ring)
MPRegen 0.00/turn

%: infuse magic (-11 HP)
@: flying
A: sickness immunity, fire resistance 2, cold vulnerability 1, float, innate
caster, HP casting, extra vitality 1
a: no special abilities


You were on level 3 of the Dungeon.
You visited 1 branch of the dungeon, and saw 4 of its levels.

You collected 167 gold pieces.

Inventory:

Hand Weapons
 a - a +0 shortbow (weapon)
 h - a +0 broad axe
Missiles
 d - 6 curare-tipped darts
Armour
 c - a +0 leather armour (worn)
 f - a +0 cloak (worn)
Jewellery
 s - a ring of wizardry
Scrolls
 e - a scroll of poison {unknown}
 l - a scroll of amnesia {unknown}
 m - a scroll of revelation {unknown}
 n - 2 scrolls of teleportation {unknown}
 o - a scroll of silence {unknown}
 p - 6 scrolls of identify {unknown}
Potions
 g - 3 potions of attraction
 k - a potion of magic {unknown}
 q - a potion of brilliance {unknown}
 r - a potion of invisibility {unknown}


   Skills:
 - Level 2.0 Fighting
 - Level 1.6 Axes
 + Level 6.4 Ranged Weapons
 - Level 2.1 Dodging
 - Level 0.7 Stealth


You knew the following spells:

 Your Spells              Type           Power      Damage    Failure   Level
a - Apportation           Tloc           0%         N/A       43%         1
b - Call Imp              Summ           0%         N/A       58%         2
c - Scorch                Fire           0%         2d5       58%         2
Your spell library was empty.

Dungeon Overview and Level Annotations

Branches:
Dungeon (4/15)
 Temple: D:4-7

Altars:

Shops:
D:1 [   D:2 (

Annotations:
D:4 exclusion: black bear


Innate Abilities, Weirdness & Mutations

You are immune to sickness and miasma.
You are immune to poison.
Your flesh is very heat resistant. (rF++)
You are vulnerable to cold. (rC-)
You float through the air rather than walking.
You learn spells naturally, not from books.
Your magical power is your life essence.
You have superior vitality. (+4 MHP)


Message History

* * * LOW HITPOINT WARNING * * *
Okay, then.
It was a potion of curing.
You feel better. The orc hits you with a +0 mace.
* * * LOW HITPOINT WARNING * * *
The orc priest looks braver for a moment.
The orc closely misses you.
You feel better. The orc hits you with a +0 mace.
The orc priest looks satisfied for a moment.
The orc hits you with a +0 long sword.
You feel better. The orc barely misses you.
The orc priest invokes the aid of Beogh against you.
Pain shoots through your body! The orc hits you with a +0 long sword!
* * * LOW HITPOINT WARNING * * *
You feel better. The orc hits you with a +0 mace!
* * * LOW HITPOINT WARNING * * *
The orc priest hits you but does no damage.
The orc barely misses you.
You feel better. The orc barely misses you.
The orc priest invokes the aid of Beogh against you.
Beogh smites you!
* * * LOW HITPOINT WARNING * * *
The orc misses you.
Unknown command.
You shoot an arrow.
The arrow hits the orc but does no damage.
The orc closely misses you. The orc priest closely misses you.
The orc hits you but does no damage.
You shoot an arrow.
The arrow hits the orc but does no damage.
The orc hits you with a +0 mace.
* * * LOW HITPOINT WARNING * * *
The orc priest hits you with a +0 spear.
* * * LOW HITPOINT WARNING * * *
The orc closely misses you.
You shoot an arrow. The arrow hits the orc.
The orc is almost dead.
The orc hits you but does no damage.
The orc priest invokes the aid of Beogh against you.
Beogh smites you!
You die...

≈###....###....#
#.≈..≈.# ≈≈
###### ###..#
#......# ~~~
#..# ##########
~~~# #.<#
#.......# ####
#.## #.......#
#..# ###.......#
##.###.........#
#.o##.#######.#
##o@o.........#
##############


You could see an orc priest and 2 orcs.

Vanquished Creatures
  A kobold brigand (D:3)
  A scorpion (D:4)
  A hound (D:4)
  5 orc wizards
  4 adders (D:2)
  3 gnolls (D:3)
  3 ribbon worms
  12 orcs
  5 endoplasms
  3 giant cockroaches (D:1)
  8 hobgoblins
  9 kobolds
  A quokka (D:2)
  5 ball pythons
  5 bats
  3 frilled lizards
  5 goblins
  4 rats
78 creatures vanquished.

Vanquished Creatures (others)
  A kobold (D:4)
1 creature vanquished.

Grand Total: 79 creatures vanquished

Notes
Turn   | Place    | Note
-------+----------+-------------------------------------------
     0 | D:1      | SnakkuSnakku7 the Djinni Hunter began the quest for the
                  | Orb.
     0 | D:1      | Reached XP level 1. HP: 18/18 MP: 0/0
   173 | D:1      | Found Idux Zukk's Armour Boutique.
   296 | D:1      | Reached XP level 2. HP: 23/23 MP: 0/0
   692 | D:1      | Reached XP level 3. HP: 28/28 MP: 0/0
   692 | D:1      | Learned a level 1 spell: Apportation
   815 | D:2      | Reached skill level 4 in Ranged Weapons
   913 | D:2      | Reached skill level 1 in Axes
   915 | D:2      | Found Caoc's Antique Weapon Boutique.
   931 | D:2      | Reached XP level 4. HP: 26/33 MP: 0/0
  1611 | D:3      | Reached XP level 5. HP: 17/38 MP: 0/0
  1611 | D:3      | Learned a level 2 spell: Call Imp
  1802 | D:3      | Noticed a kobold brigand
  1838 | D:3      | Killed a kobold brigand
  1839 | D:3      | Reached skill level 5 in Ranged Weapons
  1839 | D:3      | Reached XP level 6. HP: 43/43 MP: 0/0
  2555 | D:4      | Noticed a black bear
  2873 | D:4      | Reached skill level 6 in Ranged Weapons
  2964 | D:4      | Reached XP level 7. HP: 18/49 MP: 0/0
  2964 | D:4      | Learned a level 2 spell: Scorch
  3193 | D:3      | Killed from afar by an orc priest

Illustrated notes

Levels and vault maps discovered:
D:1:      wander_arrival_chamber, layout_basic, serial_shops,
          nicolae_shop_hallway_stairs, chequers_big_river, chequers_garden
D:2:      layout_loops_ring, serial_rivers, chequers_serial_rivers_marsh,
          chequers_serial_rivers_micro_c, chequers_serial_rivers_small_3,
          chequers_serial_rivers_small_a, chequers_serial_rivers_micro_e,
          chequers_serial_rivers_room_a, serial_shops, shop
D:3:      cheibrodos_thug_alley, layout_basic, kennysheep_generic_room_15
D:4:      layout_basic, minmay_misc_feat_diagonals, nicolae_figureground_pulse

Skill      XL: |  1  2  3  4  5  6 |
---------------+-------------------+-----
Ranged Weapons | 4 5 6 |  6.4
Axes           | 1 |  1.6
Fighting       | |  2.0
Dodging        | |  2.1
Stealth        | |  0.7

Action                     |  1- 3 |  4- 6 |  7- 9 || total
---------------------------+-------+-------+-------++-------
  Melee: Broad axe         |    24 |       |       ||    24
         Shortbow          |       |     8 |       ||     8
   Fire: Shortbow          |    59 |   198 |    41 ||   298
    Use: Potion            |       |     3 |     7 ||    10
         Scroll            |       |       |     1 ||     1
   Stab: Sleeping          |     1 |       |       ||     1
 Armour: Leather armour    |    29 |    99 |    40 ||   168
  Dodge: Dodged            |    37 |    67 |    28 ||   132
